 Dungeon Crawl Stone Soup version 0.20.1-1-g8b1a95d (webtiles) character file.

4855 Knicklaso the Fighter (level 10, -9/114 HPs)
             Began as an Ogre Warper on July 25, 2017.
             Was a Priest of the Shining One.
             Mangled by an orc warrior
             ... wielding a +0 halberd
              (18 damage)
             ... on level 9 of the Dungeon.
             The game lasted 00:29:23 (8797 turns).

Knicklaso the Fighter (Ogre Warper)                 Turns: 8797, Time: 00:29:24

Health: -9/114     AC:  8    Str: 20    XL:     10   Next: 49%
Magic:  12/23      EV: 15    Int: 14    God:    the Shining One [***...]
Gold:   215        SH:  0    Dex: 13    Spells: 7/14 levels left

rFire    . . .     SeeInvis .   E - +0 giant club
rCold    . . .     Gourm    .   (shield currently unavailable)
rNeg     + . .     Faith    .   b - +0 robe
rPois    .         Spirit   .   l - +1 hat
rElec    .         Reflect  .   (no cloak)
rCorr    .         Harm     .   (gloves unavailable)
MR       +....                  (boots unavailable)
Stlth    +.........             (no amulet)
Regen    0.3/turn               o - +4 ring of protection
MPRegen  0.2/turn               t - ring of magical power

@: agile, very slightly contaminated, glowing
A: unfitting armour, tough skin 1
a: Divine Shield, Renounce Religion


You were on level 9 of the Dungeon.
You worshipped the Shining One.
The Shining One was most pleased with you.
You were very hungry.

You visited 1 branch of the dungeon, and saw 10 of its levels.

You collected 462 gold pieces.
You spent 247 gold pieces at shops.

Inventory:

Hand Weapons
 E - a +0 giant club (weapon)
 R - a +0 giant spiked club
Missiles
 e - 2 tomahawks of dispersal
 g - 330 stones
 w - 16 tomahawks (quivered)
 J - a throwing net
Armour
 b - a +0 robe (worn)
 l - a +1 hat (worn)
Jewellery
 o - a +4 ring of protection (left hand)
 t - a ring of magical power (right hand)
 u - a cursed ring of fire {unknown}
 F - a +3 ring of intelligence {unknown}
Wands
 D - a wand of iceblast (4/15)
 N - a wand of iceblast (3/15)
 P - a wand of paralysis (6/24)
Scrolls
 d - 2 scrolls of blinking
 h - a scroll of remove curse {unknown}
 i - a scroll of random uselessness {unknown}
 k - 5 scrolls of magic mapping {unknown}
 r - 8 scrolls of identify {unknown}
 s - 4 scrolls of amnesia {unknown}
 y - 6 scrolls of teleportation {unknown}
 z - a scroll of recharging {unknown}
 B - 2 scrolls of fear {unknown}
 G - 2 scrolls of enchant weapon {unknown}
 H - 3 scrolls of noise {unknown}
 I - a scroll of enchant armour {unknown}
 O - a scroll of silence {unknown}
Potions
 a - a potion of degeneration {unknown}
 p - a potion of haste {unknown}
 q - 2 potions of cancellation {unknown}
 v - 2 potions of brilliance {unknown}
 x - 2 potions of curing
 A - a potion of flight {unknown}
 C - a potion of mutation {unknown}
 K - a potion of might
 M - a potion of berserk rage {unknown}
Books
 c - a book of Spatial Translocations

   Spells                             Type                      Level
   a - Blink                          Translocation                2
   b - Shroud of Golubria             Charms/Translocation         2
   c - Lesser Beckoning               Translocation                3
   d - Gell's Gravitas                Translocation                3
   e - Teleport Other                 Translocation                3
   f - Passage of Golubria            Translocation                4
Comestibles
 f - 5 bread rations
 j - a meat ration
 m - 12 fruits
 n - 4 royal jellies
 Q - 4 chunks of flesh


   Skills:
 + Level 11.3 Fighting
 * Level 11.1 Maces & Flails
 - Level 1.0 Throwing
 + Level 2.3 Dodging
 + Level 2.8 Spellcasting
 + Level 3.1 Translocations
 + Level 1.0 Invocations


You had 7 spell levels left.
You knew the following spells:

 Your Spells              Type           Power        Failure   Level  Hunger
a - Shroud of Golubria    Chrm/Tloc      #.........   17%         2    ##.....
b - Blink                 Tloc           N/A          9%          2    ##.....
c - Teleport Other        Tloc           ##......     17%         3    ###....


Dungeon Overview and Level Annotations

Branches:
Dungeon (10/15)            Temple (0/1) D:7
   Lair: D:8-11         Orc: D:9-12

Altars:
Ashenzari
Cheibriados
Dithmenos
Elyvilon
Gozag
Nemelex Xobeh
Okawaru
Qazlal
Sif Muna
Uskayaw
The Shining One

Shops:
D:7 ![


Innate Abilities, Weirdness & Mutations

You are too large for most types of armour.
You have tough skin. (AC +1)


Message History

You feel better. The orc warrior closely misses you.
Casting: Shroud of Golubria
Confirm with . or Enter, or press ? or * to list all spells.
You miscast Shroud of Golubria.
Strange energies run through your body.
The orc warrior hits you with a halberd!
* * * LOW HITPOINT WARNING * * *
Casting: Shroud of Golubria
Confirm with . or Enter, or press ? or * to list all spells.
Space distorts slightly along a thin shroud covering your body.
The orc wizard gestures wildly while chanting.
The orc wizard blinks!
You closely miss the orc warrior.
The orc warrior is heavily wounded.
The orc warrior hits you but does no damage.
You sock the orc warrior!
The orc warrior is almost dead.
The orc wizard gestures wildly while chanting.
The orc wizard blinks!
The orc warrior hits you with a halberd!!
You die...

# #................≈≈≈≈≈..###
# #.......o...###...≈≈≈...# #
#...........# ##.......## #
#...........# ##.....## #
#...........# ###..## #
#.......>...# #..# #
#..........§#######.[# #
#.............o......#####
####............@†............
......#######.................
......# #.[######.........
......# #..# #.........
####..# #..# #......... #..#
#..# #......... #..#
#####..######o........
#.........................
...#######.......#####...


You could see an orc warrior and an orc wizard.

Vanquished Creatures
  The ghost of ReignOfFire the Slasher, a novice DsGl (D:6)
  The ghost of ReignOfFire the Slasher, an amateur DsGl (D:4)
  A hornet (D:9)
  A hippogriff (D:8)
  Grum (D:9)
  Menkaure (D:4)
  4 orc warriors
  2 sky beasts
  3 ice beasts
  A black bear (D:7)
  3 phantoms
  2 ogres
  4 wolves (D:9)
  4 centaurs
  3 bullfrogs
  A wyvern skeleton (D:5)
  2 scorpions
  6 killer bees (D:9)
  2 bullfrog zombies (D:8)
  3 crimson imps
  3 hounds
  A jelly (D:7)
  6 orc priests
  5 orc wizards
  2 iguanas
  3 worker ants
  A worker ant zombie (D:7)
  8 adders
  6 gnolls
  2 shadow imps
  An ooze (D:2)
  An adder zombie (D:8)
  3 worms (D:3)
  2 dart slugs (D:1)
  4 leopard geckos
  23 orcs
  4 giant cockroaches
  9 goblins
  7 hobgoblins
  5 jackals
  10 kobolds
  3 quokkas
  A ball python (D:2)
  A ball python zombie (D:5)
  6 bats
  6 frilled lizards
  A leopard gecko zombie (D:5)
  2 quokka skeletons
  A quokka zombie (D:9)
  12 rats
185 creatures vanquished.

Notes
Turn   | Place    | Note
-------+----------+-------------------------------------------
     0 | D:1      | Knicklaso the Ogre Warper began the quest for the Orb.
     0 | D:1      | Reached XP level 1. HP: 22/22 MP: 3/3
    10 | D:1      | Noticed a minotaur skeleton
   228 | D:1      | Reached XP level 2. HP: 30/31 MP: 5/5
   232 | D:1      | Learned a level 2 spell: Shroud of Golubria
   235 | D:1      | Learned a level 2 spell: Blink
   575 | D:1      | Reached XP level 3. HP: 37/37 MP: 3/6
  1372 | D:2      | Reached XP level 4. HP: 48/48 MP: 4/7
  2064 | D:3      | Learned a level 3 spell: Teleport Other
  2201 | D:3      | Reached XP level 5. HP: 55/55 MP: 8/8
  3164 | D:4      | Found a glowing golden altar of the Shining One.
  3181 | D:4      | Became a worshipper of the Shining One
  3340 | D:4      | Noticed a centaur
  3358 | D:4      | Killed a centaur
  3358 | D:4      | Reached skill level 5 in Fighting
  3358 | D:4      | Reached XP level 6. HP: 32/66 MP: 9/9
  3518 | D:4      | Noticed Menkaure
  3529 | D:4      | Killed Menkaure
  3529 | D:4      | Reached skill level 5 in Maces & Flails
  3647 | D:4      | Found a shadowy altar of Dithmenos.
  3647 | D:4      | Noticed ReignOfFire's ghost (amateur DsGl)
  3690 | D:5      | Entered Level 5 of the Dungeon
  3995 | D:5      | Reached XP level 7. HP: 29/75 MP: 10/10
  4356 | D:5      | Found a hide-covered altar of Uskayaw.
  4357 | D:5      | Found a snail-covered altar of Cheibriados.
  4360 | D:5      | Found a shattered altar of Ashenzari.
  4360 | D:5      | Found an opulent altar of Gozag.
  4657 | D:4      | Reached * piety under the Shining One
  4657 | D:4      | Reached XP level 8. HP: 85/87 MP: 11/11
  4933 | D:4      | Killed ReignOfFire's ghost
  5028 | D:6      | Noticed ReignOfFire's ghost (novice DsGl)
  5144 | D:6      | Killed ReignOfFire's ghost
  5340 | D:6      | Reached XP level 9. HP: 97/97 MP: 12/12
  5902 | D:7      | Found a staircase to the Ecumenical Temple.
  5909 | D:7      | Found Rutiycwe's Armour Emporium.
  5937 | D:7      | Found a stormy altar of Qazlal.
  6087 | D:7      | Found Gazximag's Distillery.
  6095 | D:7      | Bought a potion of heal wounds for 65 gold pieces
  6095 | D:7      | Bought a potion of might for 52 gold pieces
  6095 | D:7      | Bought a potion of agility for 52 gold pieces
  6095 | D:7      | Bought a potion of lignification for 39 gold pieces
  6095 | D:7      | Bought a potion of curing for 39 gold pieces
  6355 | D:7      | Reached ** piety under the Shining One
  6797 | D:7      | Found a deep blue altar of Sif Muna.
  6923 | D:8      | Found an iron altar of Okawaru.
  7120 | D:8      | Reached skill level 10 in Fighting
  7144 | D:8      | Found a sparkling altar of Nemelex Xobeh.
  7173 | D:8      | Reached skill level 10 in Maces & Flails
  7290 | D:8      | Noticed a hornet
  7300 | D:8      | Paralysed by a hornet for 2 turns
  7314 | D:9      | Killed a hornet
  7314 | D:9      | Reached XP level 10. HP: 37/111 MP: 13/13
  8094 | D:9      | Noticed Grum
  8632 | D:9      | Killed Grum
  8654 | D:9      | Found a white marble altar of Elyvilon.
  8655 | D:9      | Reached *** piety under the Shining One
  8758 | D:9      | Reached skill level 1 in Invocations
  8784 | D:10     | Entered Level 10 of the Dungeon
  8784 | D:10     | Noticed a two-headed ogre
  8797 | D:9      | Mangled by an orc warrior

Skill      XL: |  1  2  3  4  5  6  7  8  9 10 |
---------------+-------------------------------+-----
Maces & Flails | 2 3 4 5 6 8 10 11 | 11.1
Fighting       | 3 4 5 6 7 8 10 11 | 11.3
Translocations | 3 |  3.1
Invocations    | 1 |  1.0
Throwing       | |  1.0
Dodging        | |  2.3
Spellcasting   | |  2.8

Action                   |  1- 3 |  4- 6 |  7- 9 | 10-12 || total
-------------------------+-------+-------+-------+-------++-------
Melee: Mace              |   129 |   202 |     5 |       ||   336
       Giant club        |       |       |   211 |   105 ||   316
Throw: Stone             |    62 |    67 |       |       ||   129
       Tomahawk          |     1 |     5 |     4 |    12 ||    22
 Cast: Shroud of Golubri |    14 |    24 |    51 |    27 ||   116
       Blink             |       |       |       |     2 ||     2
  Use: Potion            |       |       |     3 |     4 ||     7
       Scroll            |       |       |     1 |       ||     1
 Stab: Sleeping          |       |     2 |       |       ||     2
  Eat: Chunk             |     3 |    10 |    14 |     5 ||    32
       Fruit             |       |       |     2 |     1 ||     3
Armor: Robe              |    62 |    91 |    85 |    40 ||   278
       Skin              |       |       |     5 |     7 ||    12
Dodge: Dodged            |   108 |   109 |   106 |    79 ||   402
